Map: 어스름 탑

Players

HyuN - Winner!

  • Race: Zerg Zerg

Typhux

  • Race: Zerg Zerg
  • League: Diamond

Event: Gauntlet LotV Series 1 Qualifier 2

VOD

Have the link to the VOD?

Description

Time

  • Played on: Dec. 5, 2015, 1:40 p.m.
  • Length: 5:05

All games in this series

Show
View Real Time Build Order
Export as new Build Order

HyuN Zerg - Winner!

Build Orders: Pool First, Zergling Baneling 

Get SALT Encoding   

  12  0:01  Drone  
  13  0:15  Extractor  
  12  0:24  Spawning Pool  
  11  0:28  Drone  
  11  0:33  Drone  
  13  0:37  Drone  
  14  0:48  Overlord  
  14  1:11  Queen  
  14  1:12  Zergling x2  
  14  1:16  Metabolic Boost  
  17  1:20  Zergling x2  
  17  1:25  Zergling x2  
  19  1:36  Baneling Nest  
  18  1:40  Zergling x2  
  18  1:44  Zergling x2  
  20  1:52  Overlord  
  20  1:58  Zergling x2  
  21  2:07  Zergling x2  
  22  2:19  Baneling  
  22  2:20  Zergling x6, Baneling  
  25  2:28  Zergling x2  
  26  2:39  Baneling x2  
  26  2:45  Zergling x4  
  28  2:56  Zergling x2  
  26  3:12  Zergling x6  
  27  3:17  Baneling x2  
  27  3:20  Zergling x2  
  26  3:35  Zergling x2  
  26  3:36  Zergling x2  
  26  3:40  Drone  
  28  3:43  Drone  
  28  3:46  Baneling  
  28  3:48  Baneling  
  26  3:50  Zergling x2  
  23  4:05  Drone  
  23  4:06  Drone x2  
  25  4:22  Drone x2  
  26  4:28  Baneling  
  26  4:29  Baneling  
  26  4:32  Hatchery, Baneling  
  27  4:46  Overlord  
Show
View Real Time Build Order
Export as new Build Order

Typhux Zerg 

Build Orders: Hatch First 

Get SALT Encoding   

  12  0:01  Drone  
  13  0:12  Overlord  
  13  0:18  Drone  
  14  0:23  Drone, Extractor  
  15  0:31  Drone  
  17  0:35  Drone  
  17  0:45  Drone  
  18  0:57  Hatchery  
  18  1:01  Drone, Extractor  
  17  1:16  Spawning Pool  
  16  1:19  Drone  
  17  1:27  Drone  
  17  1:28  Drone  
  19  1:39  Drone  
  20  1:53  Drone  
  21  2:06  Metabolic Boost  
  21  2:08  Queen  
  21  2:10  Queen  
  21  2:11  Zergling x2  
  21  2:12  Zergling x2  
  21  2:13  Drone  
  28  2:26  Baneling Nest  
  28  2:28  Drone  
  28  2:30  Overlord  
  28  2:37  Spine Crawler  
  28  2:39  Spine Crawler  
  28  2:43  Zergling x2  
  27  2:54  Zergling x8  
  29  3:04  Zergling x2  
  17  3:18  Baneling x2  
  15  3:20  Baneling  
  15  3:24  Drone  
  8  3:44  Zergling x6  
  10  3:56  Zergling x2  
  10  3:59  Zergling x2  
  8  4:20  Zergling x4  
  8  4:31  Baneling  
  8  4:39  Drone  
Tags
 
Add a new tag
Caveats
  • Supply blocks, unpowered buildings, or Contaminate may cause inaccurate times.
  • Supply counts are checked every 10 seconds.